 Dungeon Crawl Stone Soup version 0.30-a0-900-g23479c02f2 (webtiles) character file.

Game seed: 11045546933795845336

2647071 ragingrage the Fencer (level 27, 172/195 HPs)
             Began as a Human Hunter on Mar 17, 2023.
             Was an Initiate of Gozag.
             Escaped with the Orb
             ... and 5 runes on Mar 18, 2023!
             The game lasted 02:16:06 (89373 turns).

ragingrage the Fencer (Human Hunter)               Turns: 89373, Time: 02:16:06

Health: 172/195    AC: 39    Str: 17    XL:     27
Magic:  24/45      EV: 29    Int: 17    God:    Gozag
Gold:   5090       SH: 12    Dex: 30    Spells: 14/44 levels left

rFire   + . .      SeeInvis +    t - +8 demon blade "Leech" {evervamp, Harm Drain rN+}
rCold   + . .      Faith    .    v - +3 buckler {AC+3}
rNeg    + . .      Spirit   .    y - +7 swamp dragon scales
rPois   +          Reflect  .    m - +2 helmet {SInv}
rElec   +          Rampage  .    f - +2 cloak {rCorr}
rCorr   +          Harm     + .  k - +1 pair of gloves of the Turtle {Regen+ Str+4 Slay+3}
Will    ++...                    d - +0 pair of boots of Perfidy {rF+ Regen+ MP+9}
Stlth   ++                       U - amulet "Guxaaxem" {RegenMP rElec}
HPRegen 2.12/turn                E - +6 ring of dexterity
MPRegen 0.69/turn                o - +4 ring of protection

@: studying Polearms
A: iridescent scales 1, thin skeletal structure 1, cold resistance 1, frail 1,
noise suppression
0: Orb of Zot
}: 5/15 runes: barnacled, slimy, silver, abyssal, gossamer
a: Renounce Religion, Potion Petition, Call Merchant, Bribe Branch


You escaped.
You worshipped Gozag.
Gozag was greatly pleased with you.
You visited 11 branches of the dungeon, and saw 53 of its levels.
You visited the Abyss 3 times.
You also visited: Sewer.

You collected 27601 gold pieces.
You spent 6776 gold pieces at shops.
You paid 15735 gold pieces to Gozag.

Inventory:

Hand Weapons
 a - the +12 dagger of the Purse {spect, rPois Str+3 Dex+3}
   (You found it on level 11 of the Dungeon)

   Str:       It affects your strength (+3).
   Dex:       It affects your dexterity (+3).
   rPois:     It protects you from poison.
 b - the +2 Maxwell's thermic engine {flame, freeze, rev}
   (You found it on level 3 of the Elven Halls)
 s - a +8 spectral triple sword
 t - the +8 demon blade "Leech" (weapon) {evervamp, Harm Drain rN+}
   (You found it on level 5 of the Pits of Slime)

   rN:        It protects you from negative energy.
   Drain:     It drains your maximum health when unequipped.
   Harm:      It increases damage dealt and taken.
Missiles
 Q - 7 throwing nets
Armour
 d - the +0 pair of boots of Perfidy (worn) {rF+ Regen+ MP+9}
   (You bought it in a shop on level 1 of the Depths)

   rF:        It protects you from fire.
   MP:        It affects your magic capacity (+9).
   Regen:     It increases your rate of health regeneration.
 f - a +2 cloak of preservation (worn)
 k - the +1 pair of gloves of the Turtle (worn) {Regen+ Str+4 Slay+3}
   (You acquired it on level 2 of the Vaults)

   Str:       It affects your strength (+4).
   Slay:      It affects your accuracy & damage with ranged weapons and melee
   (+3).
   Regen:     It increases your rate of health regeneration.
 m - a +2 helmet of see invisible (worn)
 v - a +3 buckler of protection (worn)
 y - +7 swamp dragon scales (worn)
Jewellery
 o - a +4 ring of protection (right hand)
 E - a +6 ring of dexterity (left hand)
 U - the amulet "Guxaaxem" (around neck) {RegenMP rElec}
   (You found it on level 5 of the Pits of Slime)

   [amulet of magic regeneration]

   It increases your rate of magic regeneration.
   rElec:     It insulates you from electricity.
 V - a ring of protection from fire
Wands
 n - a wand of iceblast (44)
 q - a wand of light (12)
 B - a wand of charming (28)
 J - a wand of mindburst (55)
Scrolls
 e - 8 scrolls of poison
 g - 9 scrolls of fog
 h - 7 scrolls of vulnerability
 w - 11 scrolls of immolation
 z - 2 scrolls of magic mapping
 D - 7 scrolls of fear
 G - 10 scrolls of blinking
 L - 7 scrolls of torment
 M - 23 scrolls of teleportation
 N - 7 scrolls of silence
 O - a scroll of summoning
 P - a scroll of brand weapon
Potions
 i - 13 potions of mutation
 j - 12 potions of curing
 l - 10 potions of berserk rage
 p - 9 potions of lignification
 r - 8 potions of might
 u - a potion of cancellation
 A - 6 potions of resistance
 F - 8 potions of brilliance
 H - 8 potions of haste
 S - 3 potions of invisibility
 T - 4 potions of flight
 W - 10 potions of attraction
 X - 10 potions of ambrosia
 Y - 17 potions of heal wounds
 Z - 3 potions of magic
Miscellaneous
 c - a box of beasts
 x - a tin of tremorstones (2/2)
 C - a phantom mirror
 I - a lightning rod (4/4)
 K - a phial of floods
 R - a condenser vane


   Skills:
 - Level 18.0 Fighting
 - Level 14.0(18.3) Short Blades
 - Level 19.1(20.7) Long Blades
 - Level 11.0 Ranged Weapons
 - Level 15.0 Armour
 - Level 18.0 Dodging
 - Level 11.0 Stealth
 - Level 12.3 Shields
 - Level 9.0 Spellcasting
 - Level 10.0 Conjurations
 + Level 12.5 Necromancy
 - Level 14.0 Translocations
 - Level 11.0 Transmutations
 - Level 2.9 Air Magic
 - Level 2.0 Earth Magic
 - Level 16.8 Evocations


You had 14 spell levels left.
You knew the following spells:

 Your Spells              Type           Power      Damage    Failure   Level
a - Wereblood             Tmut           45%        N/A       1%          2
b - Blink                 Tloc           100%       N/A       1%          2
c - Irradiate             Conj/Tmut      21%        3d18      6%          5
d - Manifold Assault      Tloc           53%        N/A       1%          4
e - Passwall              Tmut/Erth      24%        N/A       1%          2
f - Swiftness             Air            17%        N/A       16%         3
g - Death Channel         Necr           25%        N/A       16%         6
h - Dispersal             Tloc           26%        N/A       9%          6

Your spell library contained the following spells:

 Spells                   Type           Power      Damage    Failure   Level
 Beastly Appendage        Tmut           90%        N/A       1%          1
 Shock                    Conj/Air       100%       1d9       1%          1
 Lesser Beckoning         Tloc           100%       N/A       1%          2
 Momentum Strike          Conj/Tloc      96%        3d10      1%          2
 Sublimation of Blood     Necr           50%        N/A       1%          2
 Gell's Gravitas          Tloc           53%        N/A       1%          3
 Teleport Other           Tloc           53%        N/A       1%          3
 Vhi's Electric Charge    Tloc/Air       72%        N/A       1%          3
 Cigotuvi's Dreadful Rot  Necr/Pois/Air  50%        N/A       3%          2
 Stone Arrow              Conj/Erth      56%        3d10      4%          3
 Spider Form              Tmut/Pois      26%        N/A       5%          3
 Hailstorm                Conj/Ice       24%        3d7       6%          3
 Iskenderun's Battlesphe  Conj           41%        2d9       8%          5
 Mephitic Cloud           Conj/Pois/Air  22%        N/A       9%          3
 Petrify                  Tmut/Erth      29%        N/A       12%         4
 Poisonous Vapours        Pois/Air       24%        N/A       14%         2
 Summon Small Mammal      Summ           28%        N/A       17%         1
 Ice Form                 Ice/Tmut       26%        N/A       17%         4
 Flame Wave               Conj/Fire      24%        2d8       22%         4
 Fulminant Prism          Conj/Hex       12%        3d9       22%         4
 Sticky Flame             Conj/Fire      24%        2d5       22%         4
 Borgnjor's Vile Clutch   Necr/Erth      16%        N/A       24%         5
 Call Imp                 Summ           7%         N/A       26%         2
 Ensorcelled Hibernation  Hex/Ice        14%        N/A       26%         2
 Scorch                   Fire           14%        2d5       26%         2
 Arcjolt                  Conj/Air       14%        1d24      32%         5
 Lightning Bolt           Conj/Air       14%        1d28      32%         5
 Inner Flame              Hex/Fire       7%         N/A       45%         3
 Summon Guardian Golem    Hex/Summ       7%         N/A       45%         3
 Airstrike                Air            8%         2d(2-18)  45%         4
 Fireball                 Conj/Fire      12%        3d7       52%         5
 Freezing Cloud           Conj/Ice/Air   11%        6-21      63%         5
 Summon Lightning Spire   Summ/Air       12%        N/A       67%         4
 Animate Armour           Summ/Erth      22%        N/A       73%         4
 Leda's Liquefaction      Hex/Erth       5%         N/A       73%         4
 Olgreb's Toxic Radiance  Pois           7%         N/A       86%         4
 Summon Ice Beast         Ice/Summ       7%         N/A       86%         4
 Statue Form              Tmut/Erth      19%        N/A       87%         6
 Conjure Ball Lightning   Conj/Air       14%        3x3d6     88%         6
 Lee's Rapid Deconstruct  Erth           7%         3d6*      90%         5
 Orb of Destruction       Conj           20%        9d8       93%         7
 Silence                  Hex/Air        6%         N/A       95%         5
 Eringya's Noxious Bog    Tmut/Pois      13%        N/A       95%         6
 Disjunction              Tloc           26%        N/A       98%         8
 Summon Mana Viper        Hex/Summ       7%         N/A       99%         5
 Summon Cactus Giant      Summ           3%         N/A       100%        6
 Haunt                    Necr/Summ      14%        N/A       100%        7
 Malign Gateway           Summ/Tloc      15%        N/A       100%        7
 Monstrous Menagerie      Summ           3%         N/A       100%        7
 Ozocubu's Refrigeration  Ice            3%         4d8       100%        7
 Spellforged Servitor     Conj/Summ      12%        N/A       100%        7
 Summon Hydra             Summ           3%         N/A       100%        7
 Ignition                 Fire           3%         3d4       100%        8
 Infestation              Necr           25%        N/A       100%        8
 Maxwell's Capacitive Co  Air            8%         ∞         100%        8
 Summon Horrible Things   Summ           3%         N/A       100%        8
 Polar Vortex             Ice            3%         N/A       100%        9
 Animate Dead             Necr           Unusable   N/A       N/A         4
 Simulacrum               Ice/Necr       Unusable   N/A       N/A         6

Dungeon Overview and Level Annotations

Branches:
Dungeon (15/15)            Temple (1/1) D:6            Lair (5/5) D:11
 Shoals (4/4) Lair:3       Spider (4/4) Lair:2        Slime (5/5) Lair:5
    Orc (2/2) D:12            Elf (3/3) Orc:2        Vaults (5/5) D:14
  Crypt (0/3) Vaults:3     Depths (4/4) D:15            Zot (5/5) Depths:4
  Sewer (visited)

Altars:
Ashenzari
Cheibriados
Dithmenos
Elyvilon
Fedhas
Gozag
Hepliaklqana
Kikubaaqudgha
Makhleb
Nemelex Xobeh
Okawaru
Qazlal
Ru
Sif Muna
Trog
Uskayaw
Vehumet
Wu Jian
Xom
Yredelemnul
Zin
The Shining One
Jiyva

Shops:
D:4 :(   D:10 *   Orc:1 =   Orc:2 *:([   Elf:1 *:   Shoals:2 [(*   Vaults:1 *
Vaults:2 [*:   Vaults:4 *   Depths:1 ::=*!

Portals:
Hell: Depths:1 Depths:3 Depths:4
Abyss: Depths:3
Pandemonium: Depths:3
Ziggurat: Depths:4
Trove: D:12 (give 2 scrolls of acquirement)

Annotations:
D:1 exclusion: downstairs
D:12 3 runed translucent doors
Shoals:2 exclusion: 2 downstairs
Spider:1 exclusion: downstairs
Slime:3 exclusion: upstairs
Elf:2 3 runed translucent doors
Depths:4 2 transporters, Cujuar's ghost, adept DrCj
Zot:5 4 transporters


Innate Abilities, Weirdness & Mutations

You are partially covered in iridescent scales. (AC +2)
You have a somewhat thin skeletal structure. (Dex +2, Stealth+)
Your flesh is cold resistant. (rC+)
You are frail. (-10% HP)
You passively dampen the noise of your surroundings.


Message History

You barely miss the frilled lizard. You hit the sun demon.
You slice the sun demon!!
Casting: Manifold Assault (mildly dangerous; 1% risk of failure) Space momentarily warps into an impossible shape!
You slash the frilled lizard!
You feel better.
You kill the frilled lizard!
You hit the sun demon. You slash the sun demon!
You kill the sun demon!
The balrug gestures at you.
The fireball explodes!
The fireball engulfs you. You resist.
The fireball engulfs the balrug.
The balrug completely resists.
Casting: Manifold Assault (mildly dangerous; 1% risk of failure) Space momentarily warps into an impossible shape!
You slash the balrug!
You slice the sun demon like a ripe choko!!!
You kill the sun demon!
The balrug gestures at you. Something smites you!
Casting: Manifold Assault (mildly dangerous; 1% risk of failure) Space momentarily warps into an impossible shape!
You closely miss the balrug.
The balrug hits you with a +1 demon whip of flaming!
You are engulfed in flames!
You resist.
Casting: Manifold Assault (mildly dangerous; 1% risk of failure) Space momentarily warps into an impossible shape!
You cut the balrug into ribbons!!!
You kill the balrug!
A red devil comes into view. It is wielding a +0 trident.
Casting: Manifold Assault (mildly dangerous; 1% risk of failure)
Okay, then.
You slice the red devil!!
You kill the red devil!
Unknown command.
You now have 5085 gold pieces (gained 6).
There is an open door here.
You see here a +0 trident.
You now have 5090 gold pieces (gained 5).
There is a staircase leading out of the dungeon here.
You have escaped!

.######.....###### ##...#
.##.......#..#### #...#
..#...###.##....### #...#
..##### #.#####...###..##
#.^# #.####.........#
#..### #.)..#'''++'##.#
##...# ####..+....+...#
##..#### #..+$$..+...#
#.)...# #..+.@$.+...#
##..).# #..+....+...#
###>.#####.++)+++#..#
##.....#.......#..####
#..##.#.#.###.......##
##.####.#.# ###...#..#
#.####.#.## #.#.##.######
#.#....#..# ##.#..........
#.#.#####.###..####.......


There were no monsters in sight!

Vanquished Creatures
  the Royal Jelly (Slime:5)
  An orb of fire (Zot:5)
  2 ancient liches (Zot:5)
  2 dread liches
  2 juggernauts
  2 Killer Klowns
  Bai Suzhen (Shoals:3)
  4 curse toes
  7 golden dragons
  Arachne (Spider:4)
  Jory (Depths:3)
  2 bone dragons (Abyss:2)
  2 electric golems
  Mlioglotl (Shoals:4)
  Rupert (D:15)
  17 tentacled monstrosities
  5 titans (Vaults:5)
  Jorgrun (Elf:1)
  16 Orb Guardians (Zot:5)
  2 deep elf blademasters (Elf:3)
  10 quicksilver dragons
  5 liches
  Polyphemus (Shoals:2)
  24 acid blobs
  2 deep elf master archers (Elf:3)
  2 Executioners
  5 death cobs
  Gastronok (D:8)
  12 sphinxes
  10 tengu reavers
  Agnes (D:14)
  5 tentacled starspawn
  14 storm dragons
  13 shadow dragons
  Roxanne (Elf:1)
  Ilsuiw (Shoals:3)
  7 draconian knights
  7 azure jellies
  8 draconian monks
  4 fire giants
  The ghost of DiggyJ the Peltast, a journeyman MiFi of Cheibriados (Elf:2)
  7 rockslimes
  10 deep elf sorcerers
  Louise (Shoals:4)
  A fire giant (shapeshifter) (Vaults:2)
  7 frost giants
  4 emperor scorpions
  2 iron dragons
  7 draconian scorchers
  9 ghost moths
  10 vault wardens
  2 balrugs
  8 draconian shifters
  5 deep elf elementalists (Elf:3)
  A cacodemon (Depths:3)
  3 spriggan defenders (Depths:3)
  A war gargoyle (Vaults:5)
  19 ironbound preservers
  8 draconian stormcallers
  2 orc warlords
  A broodmother (Spider:4)
  10 draconian annihilators
  10 green draconians
  16 stone giants
  A juggernaut skeleton (Depths:3)
  28 very ugly things
  7 ironbound thunderhulks
  6 quicksilver oozes (Slime:5)
  5 deep elf demonologists
  3 starflowers (Abyss:3)
  3 vampire knights
  18 black draconians
  15 red draconians
  15 purple draconians
  7 deep elf annihilators (Elf:3)
  7 spark wasps
  12 yellow draconians
  6 dire elephants
  3 minotaurs (Shoals:4)
  12 white draconians
  A deep elf death mage (Elf:3)
  A blizzard demon (D:1)
  5 fire dragons
  Josephine (D:10)
  6 merfolk javelineers
  11 great orbs of eyes
  4 merfolk impalers
  9 entropy weavers
  18 yaktaur captains
  12 deep elf high priests
  12 ettins
  5 ice dragons
  6 ogre magi
  3 rakshasas
  A spriggan zombie (Depths:3)
  32 vault guards
  6 hydras
  18 centaur warriors
  2 spriggan air magi
  5 catoblepae
  Erica (Lair:1)
  5 jorogumos
  An alligator snapping turtle (Shoals:4)
  5 radroaches
  3 merfolk avatars
  3 tengu warriors
  10 boulder beetles
  13 ironbound frosthearts
  7 dancing weapons
  13 satyrs
  11 two-headed ogres
  An alligator (shapeshifter) (Vaults:5)
  2 vampire magi (Depths:1)
  A death scarab (Spider:3)
  8 death yaks
  6 spriggan berserkers
  7 hell knights (Depths:3)
  3 deep troll shamans
  3 sun demons (D:1)
  2 thrashing horrors (Abyss:3)
  3 deep troll earth magi
  A spriggan (Depths:3)
  Nergalle (D:12)
  7 deep elf knights
  2 soul eaters
  3 wretched stars
  An orc high priest (Orc:2)
  7 skysharks
  2 sixfirhies (Depths:3)
  3 sun moths
  5 glowing orange brains
  8 pharaoh ants
  2 skeletal warriors (D:12)
  10 sea snakes
  An orb spider (shapeshifter) (Vaults:5)
  40 deep trolls
  A shadow demon (D:6)
  A swamp dragon (Lair:5)
  10 wizards
  6 iron trolls
  A flayed ghost (Vaults:5)
  11 orb spiders
  10 deep elf archers
  Pikel (D:8)
  4 steelbarb worms
  19 ironbound convokers
  An orange crystal statue (Zot:5)
  5 phantasmal warriors
  3 lindwurms
  28 deep elf pyromancers
  15 harpies
  22 deep elf zephyrmancers
  A shadow dragon skeleton (Abyss:2)
  33 wolf spiders
  3 necromancers
  7 orc knights
  4 orc sorcerers
  12 manticores
  2 worldbinders
  7 oklob plants
  4 shining eyes
  39 ugly things
  23 fauns
  2 moths of wrath (shapeshifter)
  4 cyclopes
  A sphinx skeleton (Depths:3)
  11 black mambas
  A guardian serpent (shapeshifter) (Depths:3)
  A black mamba (shapeshifter) (Elf:3)
  3 apocalypse crabs (Abyss:2)
  5 torpor snails
  3 centaur zombies
  A rust devil (Depths:3)
  31 moths of wrath
  A water nymph (shapeshifter) (Vaults:5)
  12 merfolk sirens
  A guardian serpent (Lair:5)
  A gargoyle (D:13)
  22 vault sentinels
  7 demonic crawlers
  15 cane toads
  Maggie (D:9)
  8 smoke demons
  A centaur skeleton (D:15)
  5 water nymphs
  An orange demon (Depths:3)
  An alligator snapping turtle zombie (Abyss:2)
  37 yaktaurs
  3 efreet (Abyss:2)
  A kobold demonologist (D:9)
  6 rime drakes
  10 komodo dragons
  An unseen horror (D:9)
  A tengu conjurer (Depths:4)
  An ice devil (Depths:3)
  An ancient zyme (Abyss:3)
  2 hellwings
  40 merfolk
  A red devil (D:1)
  5 trolls
  4 hornets
  2 polar bears
  A meliai (shapeshifter) (Elf:1)
  A polar bear (shapeshifter) (Abyss:2)
  4 wind drakes
  7 meliai
  4 tarantellas (shapeshifter)
  2 meliai zombies (D:11)
  33 tarantellas
  Prince Ribbit (D:9)
  A harpy skeleton (Abyss:2)
  A raiju (shapeshifter) (Vaults:5)
  21 blink frogs
  5 raiju (Abyss:2)
  A snapping turtle (Shoals:4)
  7 dream sheep (Shoals:3)
  17 culicivoras
  3 ynoxinuls
  A flying skull (Abyss:3)
  24 jumping spiders
  5 shadows
  110 slime creatures
  2 air elementals (Elf:3)
  Sigmund (D:2)
  6 water elementals
  35 yaks
  2 vampires
  11 wraiths
  5 fire elementals
  13 wyverns
  15 starcursed masses
  A chaos spawn (Abyss:2)
  9 large abominations
  2 basilisks
  2 golden eyes (Slime:1)
  8 small abominations (Abyss:2)
  A neqoxec (Abyss:2)
  48 redbacks
  5 steam dragons
  18 vampire mosquitoes
  A warg (Orc:2)
  Edmund (D:6)
  4 acid dragons
  A glowing shapeshifter zombie (Depths:3)
  5 hell hounds (Abyss:2)
  22 water moccasins
  A floating eye (Depths:1)
  A sky beast (D:8)
  31 orc warriors
  A floating eye (shapeshifter) (Vaults:5)
  An ice beast (D:6)
  3 black bears
  A swamp drake (Lair:5)
  A tengu (shapeshifter) (Vaults:5)
  13 wolves
  6 boggarts
  17 ogres
  A phantom (D:5)
  5 centaurs
  9 kobold brigands
  3 lemures (D:8)
  11 bullfrogs
  3 gnoll sergeants (D:12)
  3 scorpions
  7 killer bees
  8 electric eels
  3 howler monkeys
  The ghost of baller8008 the Insei, a weakling OpTm (D:3)
  5 vampire bats (D:15)
  2 quasits (Abyss:2)
  2 jellies (D:5)
  29 orc priests
  A hound (D:5)
  3 sleepcaps
  2 gnoll boudas
  2 iron imps (Abyss:2)
  26 orc wizards
  Ijyb (D:4)
  Terence (D:3)
  2 boggart zombies
  Natasha (thrice) (D:3)
  6 iguanas
  2 howler monkey zombies (D:11)
  Robin (D:3)
  8 gnolls
  4 river rats (Sewer)
  10 adders
  2 white imps
  3 ufetubi
  A worm (D:2)
  5 dart slugs
  58 orcs
  8 bats
  6 endoplasms
  8 giant cockroaches
  9 hobgoblins
  9 jackals
  9 quokkas
  13 ball pythons
  5 frilled lizards
  20 goblins
  19 kobolds
  6 rats
  A bush (Lair:3)
2272 creatures vanquished.

Vanquished Creatures (collateral kills)
  A Killer Klown (Zot:5)
  4 Orb Guardians
  A storm dragon (Zot:5)
  2 quicksilver oozes (Slime:5)
  A white draconian (Zot:5)
  2 deep elf annihilators (Elf:3)
  2 deep elf death magi (Elf:3)
  A deep elf high priest (Elf:3)
  A death knight (D:12)
  An obsidian statue (Zot:5)
  A sea snake (Shoals:2)
  A deep elf pyromancer (Elf:3)
  5 merfolk
  2 yaks (Lair:5)
  A killer bee (D:7)
26 creatures vanquished.

Vanquished Creatures (others)
  3 ancient liches (Zot:5)
  A Killer Klown (Zot:5)
  An electric golem (Zot:5)
  3 Orb Guardians (Zot:5)
  A death cob (Zot:5)
  2 draconian knights
  A draconian scorcher (Zot:5)
  A deep elf demonologist (Elf:1)
  A yellow draconian (Zot:5)
  A merfolk impaler (Shoals:2)
  A merfolk avatar (Shoals:4)
  A satyr (Shoals:4)
  A manticore (D:12)
  A moth of wrath (Zot:5)
  A yak (Lair:5)
  A culicivora (Spider:4)
  A redback (Spider:4)
  3 water moccasins (Lair:5)
  A killer bee (D:7)
  A shadow imp (Zot:5)
  2 bushes (Lair:5)
  34 fungi
  217 plants
  6 starspawn tentacles (Abyss:3)
286 creatures vanquished.

Grand Total: 2584 creatures vanquished

Notes
Turn   | Place    | Note
-------+----------+-------------------------------------------
     0 | D:1      | ragingrage the Human Hunter began the quest for the Orb.
     0 | D:1      | Reached XP level 1. HP: 16/16 MP: 1/1
    86 | D:1      | Reached XP level 2. HP: 22/22 MP: 2/2
   366 | D:1      | Reached XP level 3. HP: 27/27 MP: 3/3
   481 | D:1      | Reached skill level 5 in Ranged Weapons
   674 | D:2      | Noticed Sigmund
   868 | D:2      | Reached XP level 4. HP: 33/33 MP: 4/4
   920 | D:2      | Killed Sigmund
   921 | D:2      | Reached XP level 5. HP: 37/38 MP: 5/5
   921 | D:2      | Reached XP level 6. HP: 43/44 MP: 6/6
  1078 | D:2      | Found an ornate altar of the Wu Jian Council.
  1242 | D:2      | Found a faded altar of an unknown god.
  1585 | D:3      | Noticed Natasha
  1614 | D:3      | Noticed Robin
  1625 | D:3      | Killed Robin
  1869 | D:3      | Noticed Terence
  1872 | D:3      | Killed Terence
  1914 | D:3      | Noticed baller8008's ghost (weakling OpTm)
  2105 | D:3      | Reached XP level 7. HP: 50/50 MP: 7/7
  2113 | D:4      | Found Zaon's Vocational Training.
  2298 | D:4      | Found Aleg's Antique Weapon Shoppe.
  2307 | D:4      | Bought a faintly glowing rapier for 171 gold pieces
  2307 | D:4      | Identified the +3 rapier of Wecwoaz {elec, Int+4} (You
                  | bought it in a shop on level 4 of the Dungeon)
  2664 | D:4      | Found a burning altar of Makhleb.
  2668 | D:4      | Noticed Ijyb
  2685 | D:4      | Killed Ijyb
  2875 | D:4      | Found a hide-covered altar of Uskayaw.
  2877 | D:4      | Found a stormy altar of Qazlal.
  2881 | D:4      | Found a bloodstained altar of Trog.
  3240 | D:5      | Entered Level 5 of the Dungeon
  3454 | D:5      | Found a glowing drain.
  3468 | Sewer    | Entered a sewer
  3572 | Sewer    | Reached XP level 8. HP: 56/56 MP: 8/8
  4839 | D:6      | You fall into a shaft and drop 1 floor!
  4880 | D:7      | Reached skill level 1 in Short Blades
  4880 | D:7      | Reached skill level 10 in Ranged Weapons
  5147 | D:7      | Reached XP level 9. HP: 61/61 MP: 9/9
  5268 | D:6      | Noticed Edmund
  5379 | D:6      | Found a staircase to the Ecumenical Temple.
  5388 | Temple   | Entered the Ecumenical Temple
  5657 | Temple   | Became a worshipper of Gozag Ym Sagoz the Greedy
  5991 | D:6      | Found a glowing silver altar of Zin.
  5991 | D:6      | Noticed an angel
  6476 | D:7      | Reached skill level 5 in Short Blades
  7140 | D:8      | Noticed Gastronok
  7434 | D:3      | Found a runed translucent door.
  7541 | D:3      | Killed Natasha
  7581 | D:3      | Killed baller8008's ghost
  7708 | D:3      | Noticed Natasha
  7714 | D:3      | Killed Natasha
  7737 | D:3      | Noticed Natasha
  7742 | D:3      | Killed Natasha
  7743 | D:3      | Reached XP level 10. HP: 58/67 MP: 10/10
  7923 | D:6      | Killed Edmund
  8090 | D:8      | Reached skill level 1 in Evocations
  8639 | D:8      | Noticed Pikel
  8655 | D:8      | Killed Pikel
  8998 | D:9      | Found the dreamshard necklace {*Dream Drain}
  9021 | D:9      | Noticed Maggie
  9142 | D:8      | Killed Gastronok
  9143 | D:8      | Reached skill level 10 in Short Blades
  9458 | D:9      | Killed Maggie
  9609 | D:9      | Reached XP level 11. HP: 60/72 MP: 11/11
  9754 | D:9      | Noticed Prince Ribbit
  9763 | D:9      | Killed Prince Ribbit
  9764 | D:9      | Reached skill level 1 in Armour
 10256 | D:10     | Entered Level 10 of the Dungeon
 10258 | D:10     | Noticed a six-headed hydra
 10315 | D:9      | Killed a six-headed hydra
 10472 | D:10     | Found a shimmering blue altar of Sif Muna.
 10472 | D:10     | Found a broken altar of Ashenzari.
 10472 | D:10     | Found a sacrificial altar of Ru.
 10472 | D:10     | Noticed a sphinx
 10473 | D:10     | Noticed a white ugly thing
 10475 | D:10     | Noticed a tengu warrior
 10476 | D:10     | Found a transporter.
 10476 | D:10     | Noticed a boulder beetle
 10485 | D:10     | Found a transporter.
 10734 | D:10     | Found Gacoetif's Assorted Antiques.
 10741 | D:10     | Bought a scroll labelled BAIPUWUTO for 21 gold pieces
 10741 | D:10     | Bought a scroll labelled IVVERH INTIDE for 21 gold pieces
 10741 | D:10     | Bought a scroll labelled MIUFRU DIHEMPURANG for 21 gold
                  | pieces
 10741 | D:10     | Bought a potion of heal wounds for 105 gold pieces
 10741 | D:10     | Bought a murky ruby potion for 18 gold pieces
 10928 | D:10     | Noticed Josephine
 10948 | D:10     | Reached skill level 5 in Evocations
 11394 | D:11     | Noticed a boulder beetle
 11434 | D:11     | Killed a boulder beetle
 11645 | D:9      | HP: 1/72 [something (9)]
 12154 | D:11     | Noticed a cyclops
 12305 | D:10     | Killed a cyclops
 12434 | D:11     | Reached XP level 12. HP: 67/78 MP: 12/12
 12917 | D:10     | Reached skill level 5 in Dodging
 13488 | D:10     | Reached skill level 5 in Armour
 13815 | D:11     | Identified the +12 dagger of the Purse {spect, rPois Str+3
                  | Dex+3}
 13920 | D:11     | Found a staircase to the Lair.
 14240 | Lair:1   | Entered Level 1 of the Lair of Beasts
 14449 | Lair:1   | Noticed Erica
 14475 | Lair:1   | Killed Erica
 15792 | Lair:2   | Reached XP level 13. HP: 83/83 MP: 13/13
 15888 | Lair:2   | Noticed a seven-headed hydra
 15906 | Lair:2   | Killed a seven-headed hydra
 16349 | Lair:2   | Reached skill level 10 in Armour
 16600 | Lair:2   | Found a hole to the Spider Nest.
 18160 | Lair:3   | Found a staircase to the Shoals.
 19795 | Lair:5   | Entered Level 5 of the Lair of Beasts
 19837 | Lair:5   | Noticed a catoblepas
 19837 | Lair:5   | Found a staircase to the Slime Pits.
 19890 | Lair:5   | Noticed a catoblepas
 19907 | Lair:4   | Killed a catoblepas
 20168 | Lair:5   | Noticed a six-headed hydra
 20225 | Lair:4   | Reached XP level 14. HP: 93/96 MP: 14/14
 20437 | Lair:4   | Reached skill level 5 in Fighting
 21242 | Lair:5   | Reached skill level 5 in Stealth
 22945 | Lair:5   | Reached XP level 15. HP: 66/108 MP: 15/15
 23852 | D:12     | Found a staircase to the Orcish Mines.
 24034 | D:12     | Noticed Nergalle
 24040 | D:12     | Killed Nergalle
 24205 | D:12     | Found a runed translucent door.
 24206 | D:12     | Found a runed translucent door.
 24316 | D:12     | Found a portal to a secret trove of treasure.
 24814 | D:12     | Found a runed translucent door.
 24918 | Orc:1    | Entered Level 1 of the Orcish Mines
 24964 | Orc:2    | Entered Level 2 of the Orcish Mines
 25565 | Orc:1    | Found Susoess's Jewellery Shop.
 25976 | Orc:2    | Reached skill level 10 in Fighting
 26146 | Orc:2    | Noticed an orc warlord
 26412 | Orc:2    | Killed an orc warlord
 27260 | Orc:2    | Found a staircase to the Elven Halls.
 27322 | Orc:2    | Found Gajithri's Antique Armour Shop.
 27331 | Orc:2    | Bought a pair of heavily runed boots for 313 gold pieces
 27331 | Orc:2    | Identified the +1 pair of boots "Dufeguq" {Slay+6} (You
                  | bought it in a shop on level 2 of the Orcish Mines)
 27348 | Orc:2    | Bought a translucent scale mail for 297 gold pieces
 27348 | Orc:2    | Identified the +1 scale mail of the Spheres {rPois} (You
                  | bought it in a shop on level 2 of the Orcish Mines)
 27348 | Orc:2    | Bought a pair of jewelled boots for 313 gold pieces
 27348 | Orc:2    | Identified the +1 pair of boots "Mucw" {rF- Will++ Dex+2
                  | SInv} (You bought it in a shop on level 2 of the Orcish
                  | Mines)
 27369 | Orc:2    | Found Apnanuec's Antique Weapon Shop.
 27425 | Orc:2    | Found Xylorch's General Store.
 27431 | Orc:2    | Bought a wand of light (5) for 273 gold pieces
 27440 | Orc:2    | Found Epeadwo's Book Shop.
 27447 | Orc:2    | Bought a book of Spatial Translocations for 216 gold pieces
 27450 | Orc:2    | Learned a level 2 spell: Blink
 27732 | D:13     | Reached skill level 1 in Translocations
 27822 | D:13     | Found a transporter.
 27825 | D:13     | Found a transporter.
 28065 | D:13     | Identified the +5 ring mail of Leapfrog {rElec Str+4 Int-4
                  | Dex+3}
 28749 | D:15     | Entered Level 15 of the Dungeon
 28941 | D:14     | Reached skill level 1 in Long Blades
 28941 | D:14     | Reached XP level 16. HP: 126/126 MP: 16/16
 29055 | D:14     | Found a gate to the Vaults.
 29118 | D:14     | Noticed Agnes
 29122 | D:14     | Killed Agnes
 29179 | D:15     | Reached skill level 2 in Long Blades
 29575 | D:15     | Reached skill level 3 in Long Blades
 29738 | D:15     | Reached skill level 5 in Translocations
 29916 | D:15     | Noticed Rupert
 29925 | D:15     | Killed Rupert
 29926 | D:15     | Reached skill level 4 in Long Blades
 30038 | D:15     | Found an ancient bone altar of Kikubaaqudgha.
 30164 | D:15     | Reached skill level 5 in Long Blades
 30239 | D:15     | Found a staircase to the Depths.
 30514 | Spider:1 | Entered Level 1 of the Spider Nest
 30796 | Shoals:1 | Entered Level 1 of the Shoals
 30810 | Shoals:1 | Learned a level 2 spell: Wereblood
 31091 | Shoals:1 | Reached skill level 6 in Long Blades
 31848 | Shoals:2 | Noticed Polyphemus
 31887 | Shoals:1 | Reached skill level 7 in Long Blades
 32192 | Shoals:2 | Reached XP level 17. HP: 116/133 MP: 17/17
 32199 | Shoals:2 | Killed Polyphemus
 32225 | Shoals:2 | Reached skill level 8 in Long Blades
 32225 | Shoals:2 | Reached skill level 10 in Dodging
 32381 | Shoals:2 | Found Gaecuis's Visitors' Centre.
 32386 | Shoals:2 | Found Gaecuis's Merfolk Weapons.
 32386 | Shoals:2 | Found Gaecuis's Merfolk Magic.
 32386 | Shoals:2 | Found Gaecuis's Merfolk Armours.
 32388 | Shoals:2 | Identified the +1 kite shield "Begi Veo" {Harm rPois Will-
                  | Int+3}
 32392 | Shoals:2 | Bought a scroll of teleportation for 300 gold pieces
 32392 | Shoals:2 | Bought a potion of flight for 300 gold pieces
 32400 | Shoals:2 | Bought a wand of charming (3) for 136 gold pieces
 32874 | Shoals:3 | Noticed Ilsuiw
 33385 | Shoals:3 | Killed Ilsuiw
 33403 | Shoals:3 | Reached skill level 9 in Long Blades
 33794 | Shoals:3 | Noticed Bai Suzhen
 33901 | Shoals:3 | Killed Bai Suzhen
 34050 | Shoals:3 | Reached skill level 10 in Long Blades
 34435 | Shoals:4 | Entered Level 4 of the Shoals
 34673 | Shoals:4 | Reached skill level 11 in Long Blades
 35058 | Shoals:4 | Noticed Mlioglotl
 35188 | Shoals:4 | Killed Mlioglotl
 35214 | Shoals:4 | Noticed Louise
 35218 | Shoals:4 | Reached XP level 18. HP: 136/140 MP: 18/18
 35238 | Shoals:4 | Killed Louise
 35291 | Shoals:4 | Reached skill level 12 in Long Blades
 35742 | Shoals:4 | Reached skill level 13 in Long Blades
 35843 | Shoals:4 | Learned a level 5 spell: Irradiate
 35874 | Shoals:4 | Paralysed by a sphinx for 2 turns
 35882 | Shoals:4 | Reached skill level 1 in Transmutations
 36209 | Shoals:4 | Got a barnacled rune of Zot
 37735 | Spider:1 | Reached skill level 5 in Transmutations
 38147 | Spider:2 | Reached skill level 14 in Long Blades
 39196 | Spider:2 | Reached XP level 19. HP: 146/146 MP: 19/19
 40138 | Spider:3 | Reached skill level 15 in Long Blades
 40168 | Spider:3 | Identified the +1 plate armour of Kindness {Will+ Int+5}
 40728 | Spider:4 | Entered Level 4 of the Spider Nest
 41063 | Spider:4 | Reached skill level 1 in Conjurations
 41506 | Spider:4 | Noticed Arachne
 41521 | Spider:4 | Killed Arachne
 42207 | Spider:4 | Reached skill level 16 in Long Blades
 42233 | Spider:4 | Reached skill level 5 in Conjurations
 42252 | Spider:4 | Got a gossamer rune of Zot
 42852 | Spider:4 | Paralysed by a jorogumo for 1 turns
 43115 | Spider:4 | Reached XP level 20. HP: 149/151 MP: 20/20
 43882 | Orc:2    | Bought a potion of haste for 130 gold pieces
 43882 | Orc:2    | Bought a scroll of enchant weapon for 97 gold pieces
 44249 | Orc:2    | Bought a book of the Warp for 504 gold pieces
 44254 | Orc:2    | Learned a level 4 spell: Manifold Assault
 44772 | Elf:1    | Entered Level 1 of the Elven Halls
 45246 | Elf:1    | Got the Guidebook on Allies
 45268 | Elf:1    | Found Giefinen's Book Boutique.
 45414 | Elf:1    | Noticed Roxanne
 45432 | Elf:1    | Killed Roxanne
 45538 | Elf:1    | Found Bugux's Gadget Gallery.
 45562 | Elf:1    | Bought a box of beasts for 440 gold pieces
 45562 | Elf:1    | Bought a condenser vane for 440 gold pieces
 45636 | Elf:1    | Noticed Jorgrun
 45656 | Elf:1    | Killed Jorgrun
 45896 | Elf:2    | Found a runed translucent gate.
 45896 | Elf:2    | Found a runed translucent gate.
 45898 | Elf:2    | Found a runed translucent gate.
 46185 | Elf:2    | Found a runed translucent gate.
 46185 | Elf:2    | Found a runed translucent gate.
 46185 | Elf:2    | Found a runed translucent gate.
 46191 | Elf:2    | Noticed DiggyJ's ghost (journeyman MiFi)
 46478 | Elf:3    | Entered Level 3 of the Elven Halls
 46484 | Elf:3    | Reached skill level 17 in Long Blades
 46505 | Elf:3    | Identified the +3 war axe "Juefor" {heavy, Contam rCorr
                  | Str+3}
 48114 | Elf:3    | Paralysed by an air elemental for 1 turns
 48462 | Abyss:2  | Cast into level 2 of the Abyss (a deep elf demonologist)
 48600 | Abyss:2  | Reached skill level 1 in Spellcasting
 48931 | Abyss:2  | Noticed a bone dragon
 48941 | Abyss:2  | Killed a bone dragon
 48957 | Abyss:2  | Reached XP level 21. HP: 132/159 MP: 24/24
 49044 | Elf:3    | Escaped the Abyss
 49046 | Elf:3    | Noticed a Brimstone Fiend
 49069 | Abyss:2  | Cast into level 2 of the Abyss (a deep elf demonologist)
 49079 | Abyss:2  | Found a corrupted altar of Lugonu.
 49080 | Abyss:2  | Found a corrupted altar of Lugonu.
 49120 | Abyss:2  | Found a corrupted altar of Lugonu.
 49193 | Abyss:2  | Reached skill level 10 in Translocations
 49244 | Abyss:2  | Reached skill level 18 in Long Blades
 49389 | Abyss:2  | Noticed a bone dragon
 49415 | Abyss:2  | Killed a bone dragon
 49481 | Elf:3    | Escaped the Abyss
 49577 | Elf:3    | Identified the amulet "Luleafos" {Faith rElec Str+3}
 49580 | Elf:3    | Reached skill level 10 in Stealth
 49986 | Elf:3    | Identified the amulet "Sipholus" {Acrobat Contam +Inv
                  | rElec}
 50487 | Elf:3    | Identified the amulet of the Dolphin {Faith rC+ rN+}
 50495 | Elf:3    | Reached skill level 19 in Long Blades
 50592 | Elf:3    | Got Sif Muna's Volume of Misty Blight
 50606 | Elf:3    | Got the Reference Book on Snow
 50610 | Elf:3    | Found the +2 Maxwell's thermic engine {flame, freeze, rev}
 50612 | Elf:3    | Identified the +2 pair of gloves of the Nexus {rC+++ rN++
                  | Str+2 Int-5}
 50769 | Elf:3    | Got Sif Muna's Quarto of Venin and the Volcano
 50787 | Elf:3    | Learned a level 2 spell: Passwall
 50791 | Elf:3    | Learned a level 3 spell: Swiftness
 51094 | Elf:2    | Killed DiggyJ's ghost
 51458 | Vaults:1 | Entered Level 1 of the Vaults
 51606 | Vaults:1 | Reached skill level 1 in Shields
 52209 | Vaults:1 | Reached XP level 22. HP: 165/165 MP: 28/28
 52340 | Vaults:1 | Found Hiracai's Assorted Antiques.
 52346 | Vaults:1 | Bought a slimy ivory ring for 150 gold pieces
 52346 | Vaults:1 | Identified the ring "Lauts" {Ice rElec Str+9 Int+2 Dex-5}
                  | (You bought it in a shop on level 1 of the Vaults)
 52486 | Vaults:1 | Reached skill level 5 in Spellcasting
 52711 | Vaults:1 | Found the +2 cloak of the Thief {*Fog Slay-2 SInv Stlth+}
 53028 | Shoals:2 | Bought a +2 cloak of preservation for 365 gold pieces
 54364 | Vaults:2 | You fall into a shaft and drop 1 floor!
 54688 | Vaults:3 | Reached skill level 5 in Shields
 54894 | Vaults:2 | Found Getyacig's Book Shoppe.
 54932 | Vaults:2 | Found Sethracao's General Store.
 55219 | Vaults:2 | Found Zohuobod's Armour Boutique.
 55727 | D:4      | Bought a manual of Evocations for 880 gold pieces
 56527 | Vaults:2 | Reached XP level 23. HP: 153/177 MP: 2/32
 56705 | Vaults:2 | Identified a scroll of acquirement
 56732 | Vaults:2 | Acquired the +1 pair of gloves of the Turtle {Regen+ Str+4
                  | Slay+3}
 57216 | Vaults:3 | Reached skill level 10 in Evocations
 57705 | Vaults:3 | Found a staircase to the Crypt.
 57705 | Vaults:3 | Found an ancient bone altar of Kikubaaqudgha.
 57706 | Vaults:3 | Found a basalt altar of Yredelemnul.
 58695 | Vaults:4 | Paralysed by a sphinx for 5 turns
 58988 | Vaults:4 | Found Hetsenu's General Store.
 58995 | Vaults:4 | Bought a scroll of blinking for 112 gold pieces
 60110 | Depths:1 | Entered Level 1 of the Depths
 60114 | Depths:1 | Reached skill level 10 in Transmutations
 60365 | Depths:1 | Reached skill level 1 in Air Magic
 61342 | Depths:1 | Bought a potion of resistance for 240 gold pieces
 61342 | Depths:1 | Bought a potion of haste for 240 gold pieces
 61344 | Depths:1 | Bought the +0 pair of boots of Perfidy {rF+ Regen+ MP+9}
                  | for 673 gold pieces
 61809 | Depths:1 | Reached XP level 24. HP: 179/185 MP: 9/33
 61966 | Depths:1 | Found Omabuop's Book Boutique.
 61967 | Depths:1 | Found Dedeob's Jewellery Shoppe.
 61968 | Depths:1 | Found Xitus's Book Boutique.
 62091 | Depths:1 | Found a gateway to Hell.
 62623 | Depths:2 | Noticed a juggernaut
 62637 | Depths:2 | Killed a juggernaut
 63260 | Depths:2 | You fall into a shaft and drop 1 floor!
 63260 | Depths:3 | Found an iron altar of Okawaru.
 63260 | Depths:3 | Found a hazy altar of Hepliaklqana.
 63338 | Depths:4 | Entered Level 4 of the Depths
 63518 | Depths:4 | Reached skill level 10 in Shields
 64215 | Depths:3 | Found a one-way gate to the infinite horrors of the Abyss.
 64277 | Depths:3 | Noticed a golden dragon
 64283 | Depths:3 | Noticed a juggernaut
 64292 | Depths:3 | Killed a golden dragon
 64296 | Depths:3 | Killed a juggernaut
 64301 | Depths:3 | Reached skill level 15 in Evocations
 64308 | Depths:3 | Noticed a golden dragon
 64313 | Depths:3 | Killed a golden dragon
 64360 | Depths:3 | Identified the +1 ice dragon scales of Umiwal {rF- rC++
                  | Str+7}
 64361 | Abyss:3  | Cast into level 3 of the Abyss (spriggan defender)
 64453 | Abyss:3  | Found a corrupted altar of Lugonu.
 64453 | Abyss:3  | Found a corrupted altar of Lugonu.
 64473 | Abyss:3  | Got an abyssal rune of Zot
 64490 | Abyss:3  | Found a corrupted altar of Lugonu.
 64528 | Depths:3 | Escaped the Abyss
 64966 | Depths:3 | Found a hazy altar of Hepliaklqana.
 64967 | Depths:3 | Found a hazy altar of Hepliaklqana.
 65012 | Depths:3 | Identified the +3 dagger of the Eternal Void {freeze, rF+
                  | Dex+2}
 65631 | Depths:3 | Noticed Jory
 65650 | Depths:3 | Killed Jory
 65952 | Depths:2 | Identified the +2 quarterstaff "Qoameukk" {antimagic, Int+3
                  | Dex+2 Stlth+}
 65962 | Depths:3 | Reached XP level 25. HP: 191/191 MP: 33/33
 65984 | Depths:3 | Found a stormy altar of Qazlal.
 66443 | Depths:3 | Found a one-way gate leading to the halls of Pandemonium.
 66525 | Depths:3 | Upgraded the game from 0.30-a0-883-g5ad918d77d to
                  | 0.30-a0-900-g23479c02f2
 66625 | Depths:4 | Found a broken altar of Ashenzari.
 66741 | Depths:4 | Found a one-way gateway to a ziggurat.
 67154 | Depths:4 | Found a gate to the Realm of Zot.
 67724 | Depths:4 | Found a transporter.
 67725 | Depths:4 | Noticed a juggernaut
 67725 | Depths:4 | Noticed a juggernaut
 67727 | Depths:4 | Found a transporter.
 67733 | Depths:4 | Found a bloodstained altar of Trog.
 67757 | Depths:4 | Noticed Cujuar's ghost (adept DrCj)
 68101 | D:10     | Killed Josephine
 69313 | Zot:1    | Entered Level 1 of the Realm of Zot
 71081 | Slime:1  | Entered Level 1 of the Pits of Slime
 71280 | Slime:2  | Found a viscous altar of Jiyva.
 71513 | Slime:3  | Learned a level 6 spell: Death Channel
 71517 | Slime:3  | You fall into a shaft and drop 1 floor!
 71519 | Slime:4  | Gained mutation: You are frail. (-10% HP) [a shining eye]
 74329 | Slime:5  | Entered Level 5 of the Pits of Slime
 74337 | Slime:5  | Reached skill level 15 in Fighting
 74472 | Slime:5  | Gained mutation: You are clumsy. (Dex -2) [a shining eye]
 74614 | Slime:5  | Found a viscous altar of Jiyva.
 74614 | Slime:5  | Noticed the Royal Jelly
 74618 | Slime:5  | Reached XP level 26. HP: 180/180 MP: 35/35
 74638 | Slime:5  | Killed the Royal Jelly
 74648 | Slime:5  | Reached skill level 10 in Conjurations
 74655 | Slime:5  | Found the +8 demon blade "Leech" {evervamp, Harm Drain rN+}
 74682 | Slime:5  | Identified the +5 broad axe of Jyug {freeze, rPois SInv}
 74718 | Slime:5  | Identified the amulet "Guxaaxem" {RegenMP rElec}
 74721 | Slime:5  | Identified the +0 leather armour of the Original Sin {rF++}
 74762 | Slime:5  | Identified the +0 cloak of the Dice {-Cast +Inv Str+2}
 74764 | Slime:5  | Got a slimy rune of Zot
 74903 | Slime:4  | Learned a level 6 spell: Dispersal
 75374 | Vaults:5 | Entered Level 5 of the Vaults
 75933 | Vaults:5 | Reached skill level 1 in Earth Magic
 76074 | Vaults:5 | Noticed a dread lich
 76274 | Vaults:5 | Lost mutation: You are frail. (-10% HP) [potion of
                  | mutation]
 76274 | Vaults:5 | Lost mutation: You are clumsy. (Dex -2) [potion of
                  | mutation]
 76274 | Vaults:5 | Gained mutation: You are clumsy. (Dex -2) [potion of
                  | mutation]
 76274 | Vaults:5 | Gained mutation: You are vulnerable to cold. (rC-) [potion
                  | of mutation]
 76275 | Vaults:5 | Lost mutation: You are vulnerable to cold. (rC-) [potion of
                  | mutation]
 76275 | Vaults:5 | Lost mutation: You are clumsy. (Dex -2) [potion of
                  | mutation]
 76275 | Vaults:5 | Gained mutation: Armour fits poorly on your strangely
                  | shaped body. [potion of mutation]
 76275 | Vaults:5 | Gained mutation: A frigid envelope surrounds you and
                  | freezes all who hurt you. [potion of mutation]
 76275 | Vaults:5 | Gained mutation: You are clumsy. (Dex -2) [potion of
                  | mutation]
 76275 | Vaults:5 | Gained mutation: You have a somewhat thin skeletal
                  | structure. (Dex +2, Stealth+) [potion of mutation]
 76276 | Vaults:5 | Lost mutation: Armour fits poorly on your strangely shaped
                  | body. [potion of mutation]
 76276 | Vaults:5 | Lost mutation: A frigid envelope surrounds you and freezes
                  | all who hurt you. [potion of mutation]
 76276 | Vaults:5 | Lost mutation: You are clumsy. (Dex -2) [potion of
                  | mutation]
 76276 | Vaults:5 | Gained mutation: You are partially covered in iridescent
                  | scales. (AC +2) [potion of mutation]
 76276 | Vaults:5 | Gained mutation: You are frail. (-10% HP) [potion of
                  | mutation]
 76276 | Vaults:5 | Gained mutation: You passively dampen the noise of your
                  | surroundings. [potion of mutation]
 76276 | Vaults:5 | Gained mutation: Your flesh is cold resistant. (rC+)
                  | [potion of mutation]
 76484 | Vaults:5 | Killed a dread lich
 76850 | Vaults:5 | Reached XP level 27. HP: 185/186 MP: 29/36
 77157 | Vaults:5 | Reached skill level 1 in Necromancy
 77321 | Vaults:5 | Paralysed by an ogre mage for 2 turns
 77625 | Vaults:5 | Got a silver rune of Zot
 77633 | Vaults:5 | Got the Handbook of the Familiar and Bewitchment
 80680 | Zot:2    | Reached skill level 5 in Necromancy
 81780 | Zot:2    | Reached skill level 15 in Dodging
 82510 | Zot:2    | Noticed a Killer Klown
 82530 | Zot:2    | Killed a Killer Klown
 84058 | Zot:4    | Reached skill level 15 in Armour
 85097 | Zot:5    | Entered Level 5 of the Realm of Zot
 86702 | Zot:5    | Found a transporter.
 86769 | Zot:5    | Found a transporter.
 86818 | Zot:5    | Found a transporter.
 86913 | Zot:5    | Found a transporter.
 86994 | Zot:5    | Identified the +5 long sword of Infection {pain, Stlth+}
 87877 | Zot:5    | Reached skill level 10 in Necromancy
 87956 | Zot:5    | Noticed a dread lich
 88241 | Zot:5    | Killed a dread lich
 88265 | Zot:5    | Noticed an ancient lich
 88280 | Zot:5    | Noticed an ancient lich
 88283 | Zot:5    | Noticed an orb of fire
 88286 | Zot:5    | Noticed a Killer Klown
 88287 | Zot:5    | Noticed an ancient lich
 88293 | Zot:5    | Killed an ancient lich
 88295 | Zot:5    | Killed an ancient lich
 88299 | Zot:5    | Killed an orb of fire
 88315 | Zot:5    | Killed a Killer Klown
 88401 | Zot:5    | Noticed a Killer Klown
 88408 | Zot:5    | Noticed a dread lich
 88491 | Zot:5    | Killed an ancient lich
 88623 | Zot:5    | Noticed an orb of fire
 88646 | Zot:5    | Noticed an ancient lich
 88653 | Zot:5    | Noticed a Killer Klown
 88657 | Zot:5    | Killed an ancient lich
 88660 | Zot:5    | Noticed a Killer Klown
 88662 | Zot:5    | Noticed an ancient lich
 88668 | Zot:5    | Killed a Killer Klown
 88670 | Zot:5    | Noticed a dread lich
 88749 | Zot:5    | Noticed a Killer Klown
 88792 | Zot:5    | Got the Orb of Zot
 88839 | Zot:5    | Noticed Zyeptibre the pandemonium lord
 89373 | D:$      | Escaped with the Orb!

Illustrated notes

Levels and vault maps discovered:
D:1:      lightli_arrival_maybe_door_vault, layout_rooms, minmay_misc_feat_doors
D:2:      layout_rooms, basic_altar, shapermc_ecumenical_altar_flowoftime,
          kennysheep_generic_room_16, uniq_sigmund
D:3:      layout_basic, hellmonk_ghost_happy_afterlife, uniq_natasha,
          uniq_robin, uniq_terence
D:4:      layout_layer_cave, minitemple, bloody_makhleb, serial_shops,
          nicolae_diamond_shop, kennysheep_cluttered_room,
          nicolae_shop_vocational, uniq_ijyb
D:5:      layout_gridville, gup_sewer_entry_pipe, minmay_misc_feat_alley,
          serial_bayou_pond_e
D:6:      layout_loops_cross, zin_angel, minmay_temple_entry_mist,
          supply_closet_lemuel, uniq_edmund
D:7:      layout_basic
D:8:      layout_loops_ring, uniq_pikel, uniq_gastronok
D:9:      layout_rooms, kennysheep_generic_room_8, uniq_prince_ribbit1,
          uniq_maggie
D:10:     layout_loops_ring, gammafunk_temple_overflow_arena, serial_shops,
          shop, uniq_josephine
D:11:     layout_big_octagon, minmay_lair_entry_grove, serial_undead,
          serial_undead_d, serial_undead_a, serial_undead_f, serial_undead_d,
          portal_ice_cave_entry_pillars_1, nrook_loot_triangle
D:12:     layout_stronghold, kennysheep_orc_monster_closet_entryway,
          enter_trove_2, mikee_hates_you, uniq_nergalle
D:13:     gammafunk_boulding_lane, layout_rooms
D:14:     layout_rooms, david_vaults_2, small_statue_intersection, uniq_agnes
D:15:     grunt_enter_depths_magical_seal, layout_loops_ring,
          kiku_gazebo_pond_becter, roderic_batcave, uniq_rupert
Temple:   minmay_temple_curvy_branch
Lair:1:   layout_cave_pods, uniq_erica
Lair:2:   layout_cave_pods, spider_nest_entry_funnel_web, lemuel_fruit_tree,
          grunt_megastairs_5, infiniplex_staircase_pool_2, serial_bayou_shore_b,
          lemuel_fruit_fields
Lair:3:   layout_long_grid, elwin_shoals_entry_rooms, st_stairs_7, minivault_27,
          minmay_lair_oklob_bushes
Lair:4:   layout_loops_ring, grunt_megastairs_2, serial_bayou_shore_a
Lair:5:   hangedman_lair_tendril_chambers, layout_hall_layers,
          guppyfry_lair_end_dragon, slime_entry_1, serial_bayou_lagoon_a,
          wad_woods_06, serial_bayou_shore_b
Shoals:1: layout_shoals
Shoals:2: nicolae_shoals_mermall, layout_shoals, nicolae_shoals_flooded_hall,
          uniq_polyphemus
Shoals:3: layout_shoals, uniq_bai_suzhen, uniq_ilsuiw
Shoals:4: shoals_end_hellmonk_lost_city, uniq_mlioglotl, uniq_louise
Spider:1: layout_chambers, nicolae_spider_bzzzt
Spider:2: layout_chambers
Spider:3: nicolae_spider_hilbert_zone_2 [nicolae_spider_hilbert_4_sides_1_open,
          nicolae_spider_hilbert_4_sides_1_open,
          nicolae_spider_hilbert_4_sides_1_open,
          nicolae_spider_hilbert_4_sides_1_open,
          nicolae_spider_hilbert_6_sides_1_open,
          nicolae_spider_hilbert_6_sides_1_open,
          nicolae_spider_hilbert_3_sides_1_open,
          nicolae_spider_hilbert_3_sides_1_open,
          nicolae_spider_hilbert_3_sides_1_open,
          nicolae_spider_hilbert_3_sides_1_open,
          nicolae_spider_hilbert_6_sides_1_open,
          nicolae_spider_hilbert_6_sides_1_open,
          nicolae_spider_hilbert_6_sides_1_open,
          nicolae_spider_hilbert_6_sides_1_open]
Spider:4: johnstein_spider_rune_arachne_lair, hangedman_spider_tarantella_strand
Slime:1:  layout_caves, cheibrodos_slime_lost_civilization_4
Slime:2:  layout_caves, basic_altar
Slime:3:  layout_caves
Slime:4:  layout_caves
Slime:5
Orc:1:    layout_diamond_mine, serial_shops, nicolae_shop_behind_doors
Orc:2:    grunt_orc_cross, layout_caves
Elf:1:    minmay_elf_arrival_summoners, layout_geoelf_grid, serial_shops,
          nicolae_diamond_shop, minmay_elf_demonology, nicolae_shop_gadgets,
          uniq_jorgrun, uniq_roxanne
Elf:2:    elven_hall_of_blades_hangedman_original
          [nicolae_blade_entry_sentries_behind_glass], layout_gridlike,
          ebering_ghost_rock_garden
Elf:3:    minmay_elf_hall_hex, layout_loops_corners
Vaults:1: ontoclasm_vaults_twist, vaults_dpeg_cross, dpeg_vaults_monster_box,
          grunt_vaults_bifocal, vaults_mumra_chevron_long,
          nicolae_vaults_big_ls, v_misc_23, vaults_room_fours,
          grunt_vaults_hallway_long, vaults_room_semicircle,
          nicolae_vaults_asterisk, v_pattern_2, hangedman_vaults_slice,
          layout_vaults_big_cross, serial_shops, nicolae_diamond_shop
Vaults:2: v_misc_32, ontoclasm_vaults_loading_screen, vaults_mumra_hexcomb,
          nicolae_vaults_little_squares_6, ontoclasm_vaults_idyll,
          nicolae_vaults_mini_display_case, vaults_room_stairs_pillars,
          nicolae_vaults_c_with_doors, v_rooms_6,
          nicolae_vaults_windows_and_doors_thing, vaults_room_boxed,
          ontoclasm_vaults_misaligned, ontoclasm_vaults_decontamination,
          layout_vaults_maze_snakey, serial_shops, shop, nicolae_square_shop,
          shop
Vaults:3: minmay_crypt_entry_necro_gods, nicolae_vaults_murderbox,
          hangedman_vaults_hat, serial_ice_g, ontoclasm_vaults_shuriken,
          hangedman_vaults_stagger, hangedman_vaults_nails, v_misc_30,
          hangedman_vaults_cutoff, nicolae_vaults_little_squares_2,
          ontoclasm_vaults_loading_screen, layout_vaults_omnigrid
Vaults:4: nicolae_vaults_yaktaur_gun_rack, vaults_dpeg_encased_lava,
          vaults_mumra_hex, vaults_dpeg_ring, nicolae_vaults_little_squares_4,
          vaults_room_grunt_arrival_ludios, grunt_vaults_hallway_long,
          v_alt_pattern_2, hangedman_vaults_corner, nicolae_vaults_display_case,
          v_misc_27, layout_vaults_big_room, serial_shops, shop
Vaults:5: serial_shops
Depths:1: layout_cave_shapes, grunt_hell_entry_dis_mu, minmay_alternating_orb,
          minmay_shop_grove, roderic_lattice_octagonal_star
Depths:2: minmay_mutant_horseshoe, layout_gridlike, rand_demon_pan_entry_9,
          pf_dread_powers_of_hell, grunt_decor_mini_mirrors,
          hellmonk_scarab_ruin, firewood_loft, grunt_megastairs_1
Depths:3: minmay_the_grid_octo_tiled_squarecenter [minmay_the_grid_octo_shrine,
          minmay_the_grid_octo_thin_diamonds, minmay_the_grid_octo_clover,
          minmay_the_grid_octo_fan_narrow,
          minmay_the_grid_square_5x5_megaprize_crossed,
          minmay_the_grid_square_5x5_tetrominoes,
          minmay_the_grid_square_5x5_eight_small,
          minmay_the_grid_square_5x5_bite, minmay_the_grid_square_5x5_tie],
          layout_gridlike, hell_entry, nicolae_abyss_entry_one_way_or_another,
          grunt_pan_entry_in_and_out, nicolae_qazlal_scattered_showers,
          infiniplex_staircase_river, uniq_jory
Depths:4: grunt_zot_entry_bicorn, layout_honeycomb, enter_ziggurat_b,
          gammafunk_ghost_wrathful_warriors, lemuel_tele_altar, pf_coc_iceberg
Zot:1:    layout_onion
Zot:2:    layout_gridville, st_stairs_13, skrybe_zot_glass_1
Zot:3:    layout_basic
Zot:4:    layout_twisted_circle, st_stairs_8
Zot:5:    layout_cathedral_of_symmetry, st_stairs_10,
          nicolae_transporter_intersection

Skill      XL: |  1  2  3  4  5  6  7  8  9 10 11 12 13 14 15 16 17 18 19 20 21 22 23 24 25 26 27 |
---------------+----------------------------------------------------------------------------------+-----
Ranged Weapons | 5 6 7 9 10 11 | 11.0
Stealth        | 2 4 7 9 11 | 11.0
Short Blades   | 3 7 10 12 14 | 14.0
Evocations     | 4 5 6 8 9 12 16 | 16.8
Armour         | 4 7 11 13 15 | 15.0
Dodging        | 4 5 6 8 9 12 14 18 | 18.0
Fighting       | 4 7 11 12 13 14 15 16 18 | 18.0
Translocations | 3 6 9 10 12 13 14 | 14.0
Long Blades    | 1 7 11 14 16 17 19 | 19.1
Transmutations | 6 9 10 11 | 11.0
Conjurations   | 5 7 8 9 10 | 10.0
Spellcasting   | 2 4 6 7 8 9 |  9.0
Shields        | 3 6 8 12 | 12.3
Air Magic      | 2 |  2.9
Earth Magic    | 2 |  2.0
Necromancy     | 12 | 12.5

Action                     |  1- 3 |  4- 6 |  7- 9 | 10-12 | 13-15 | 16-18 | 19-21 | 22-24 | 25-27 || total
---------------------------+-------+-------+-------+-------+-------+-------+-------+-------+-------++-------
  Melee: Dagger            |       |       |     7 |    61 |   844 |   843 |   342 |       |       ||  2097
         Rapier            |       |       |   122 |   566 |   306 |    65 |       |       |       ||  1059
         Long sword        |       |       |     7 |       |       |       |       |       |       ||     7
         Punch             |       |       |     3 |     6 |    23 |    14 |    12 |       |       ||    58
         Triple sword      |       |       |       |       |       |       |   465 |       |       ||   465
         Double sword      |       |       |       |       |       |       |   128 |  1317 |  1105 ||  2550
         Demon blade       |       |       |       |       |       |       |       |       |  1375 ||  1375
   Fire: Shortbow          |    66 |   127 |   358 |   238 |   154 |       |       |       |       ||   943
         Arbalest          |       |       |       |       |    16 |   154 |       |       |       ||   170
         Longbow           |       |       |       |       |       |    79 |   156 |       |       ||   235
  Throw: Dart              |       |       |     1 |     4 |     2 |     8 |     1 |     1 |       ||    17
         Throwing net      |       |       |       |       |       |     1 |       |       |     2 ||     3
   Cast: Manifold Assault  |       |       |       |       |       |       |    26 |   318 |   935 ||  1279
         Wereblood         |       |       |       |       |       |       |     2 |    32 |     9 ||    43
         Irradiate         |       |       |       |       |       |       |       |       |     2 ||     2
 Invoke: Potion Petition   |       |       |       |     2 |     1 |     1 |     1 |     2 |     6 ||    13
         Call Merchant     |       |       |       |       |       |       |       |     2 |       ||     2
         Bribe Branch      |       |       |       |       |       |       |       |       |     3 ||     3
  Evoke: Wand              |       |       |     1 |    13 |    10 |    39 |     2 |       |     4 ||    69
         Lightning rod     |       |       |       |       |     4 |     8 |     2 |       |       ||    14
         Phial of floods   |       |       |       |       |       |     1 |     1 |       |       ||     2
         Condenser vane    |       |       |       |       |       |       |     2 |     5 |     2 ||     9
         Box of beasts     |       |       |       |       |       |       |     1 |     1 |     2 ||     4
         Tin of tremorston |       |       |       |       |       |       |       |     2 |     2 ||     4
    Use: Scroll            |       |       |    10 |    12 |    12 |     3 |    12 |     2 |    11 ||    62
         Potion            |       |       |       |     5 |     2 |     1 |     3 |     6 |    13 ||    30
   Stab: Distracted        |       |       |     1 |     1 |    39 |    36 |    31 |    15 |    11 ||   134
         Sleeping          |       |       |       |     2 |     7 |    12 |    10 |    17 |    10 ||    58
         Betrayed ally     |       |       |       |       |     3 |     1 |     1 |       |       ||     5
         Petrified         |       |       |       |       |     1 |       |       |       |       ||     1
         Held in net/web   |       |       |       |       |       |     3 |       |       |       ||     3
         Invisible         |       |       |       |       |       |     7 |     1 |       |     2 ||    10
 Armour: Leather armour    |    12 |    13 |    90 |    98 |       |       |       |       |       ||   213
         Swamp dragon scal |       |       |       |   118 |   184 |       |       |       |   242 ||   544
         Ring mail         |       |       |       |       |    15 |   193 |   181 |   208 |    52 ||   649
         Ice dragon scales |       |       |       |       |       |       |       |       |    61 ||    61
  Dodge: Dodged            |    31 |    27 |   207 |   460 |   574 |   904 |   610 |   550 |   669 ||  4032
         Repelled          |       |       |       |       |       |    13 |    13 |       |       ||    26
  Block: Buckler           |       |       |       |       |       |       |    14 |   215 |   392 ||   621

Table legend: (Time is in decaauts)
 A = Elapsed time spent in this place.
 B = Non-inter-level travel time spent in this place.
 C = Inter-level travel time spent in this place.
 D = Time resting spent in this place.
 E = Time spent auto-exploring this place.
 F = Levels seen in this place.
 G = Mean time per level.
                   A        B        C        D        E       F      G
               +--------+--------+--------+--------+--------+-----+--------+
         Total |  87606 |  73598 |  14008 |  19065 |  38022 |  57 | 1536.9 |
       Dungeon |  20668 |  16105 |   4563 |   3521 |   8876 |  15 | 1377.9 |
        Temple |    291 |    248 |     43 |      0 |    247 |   1 |  291.0 |
          Lair |  11816 |   8518 |   3298 |   2187 |   4541 |   5 | 2363.2 |
        Shoals |   6033 |   5435 |    598 |   1857 |   1919 |   4 | 1508.2 |
   Spider Nest |   7258 |   6772 |    486 |   1433 |   3825 |   4 | 1814.5 |
    Slime Pits |   3805 |   3582 |    223 |    931 |   2096 |   5 |  761.0 |
  Orcish Mines |   2801 |   2449 |    352 |   1098 |    757 |   2 | 1400.5 |
   Elven Halls |   5453 |   5218 |    235 |   2348 |   1802 |   3 | 1817.7 |
        Vaults |  11872 |   9423 |   2449 |   1237 |   6493 |   5 | 2374.4 |
        Depths |   7640 |   6423 |   1217 |   2264 |   3057 |   4 | 1910.0 |
           Zot |   8039 |   7499 |    540 |   2124 |   3820 |   5 | 1607.8 |
         Abyss |   1101 |   1101 |      0 |     59 |      0 |   3 |  367.0 |
         Sewer |    822 |    822 |      0 |      3 |    585 |   1 |  822.0 |
               +--------+--------+--------+--------+--------+-----+--------+

Top non-repeatable levels by time:
   Elf:3: 3507 daAuts
Vaults:2: 3117 daAuts
  Lair:5: 3000 daAuts
  Lair:1: 2740 daAuts
Depths:3: 2619 daAuts
Spider:4: 2528 daAuts
Vaults:4: 2374 daAuts
    D:10: 2286 daAuts
  Lair:4: 2283 daAuts
Vaults:1: 2264 daAuts
    D:12: 2244 daAuts
   Zot:5: 2243 daAuts
Vaults:3: 2220 daAuts
Depths:4: 2209 daAuts
   Orc:2: 2107 daAuts
